Maple Leafs vs Lightning
(R2)
Created - 25 novembre 2016 at 20:56
Goals
|
| Maple Leafs |
0 |
1 |
1 |
2 |
| Lightning |
1 |
5 |
3 |
9 |
|
Shots
|
| Maple Leafs |
10 |
6 |
2 |
18 |
| Lightning |
11 |
14 |
7 |
32 |
|
1st period
1. Lightning , Darroll Powe 3 (Sheldon Keefe) at 15:30
Penalties :
Justin Schultz (Tor) for Hooking (Minor) at 2:35, Fabian Brunnstrom (Tor) for Tripping (Minor) at 13:05
2nd period
2. Lightning , Kris Versteeg 9 (Brent Burns) at 6:51
3. Maple Leafs , Taylor Chorney 1 (Unassisted) at 8:45
4. Lightning , Brent Burns 3 (John Carlson, Henrik Zetterberg) at 11:28 (PP)
5. Lightning , Jamie Langenbrunner 1 (John Carlson) at 13:18
6. Lightning , Brent Burns 4 (Robert Nilsson, Henrik Zetterberg) at 14:28 (PP)
7. Lightning , Kris Versteeg 10 (Henrik Zetterberg, Robert Nilsson) at 15:48 (PP)
Penalties :
Alexander Frolov (Tor) for Goalie Interference (Minor) at 0:23, Byron Bitz (Tor) for Tripping (Minor) at 11:11, Alexander Frolov (Tor) for Slashing (Double Minor) at 13:36, Marc-Édouard Vlasic (Tor) for Hooking (Minor) at 15:56
3rd period
8. Maple Leafs , Evgeni Malkin 12 (Claude Giroux, Alexander Frolov) at 0:17
9. Lightning , Logan Couture 5 (Chris Higgins) at 1:20
10. Lightning , Pierre-Marc Bouchard 1 (Wayne Simmonds) at 4:11 (PP)
11. Lightning , Henrik Zetterberg 7 (John Carlson, Robert Nilsson) at 15:40 (PP)
Penalties :
Evgeni Malkin (Tor) for Interference (Minor) at 3:09, Evgeni Malkin (Tor) for Holding (Minor) at 4:23, Justin Abdelkader (Tor) for Hooking (Minor) at 10:26, Alexander Frolov (Tor) for Hooking (Minor) at 14:57, Daniel Carcillo (TB.) for Interference (Minor) at 17:43, Claude Giroux (Tor) for Hooking (Minor) at 18:11
Goalie Stats
Alex Stalock (Tor), 4 saves from 8 shots - (0,500), 25:32 minutes
Marc-André Fleury (Tor), 19 saves from 24 shots - (0,792), L, 7-4-3, 34:28 minutes
Tyler Weiman (TB.), 16 saves from 18 shots - (0,889), W, 8-4-2, 60:00 minutes
Players Stats for Maple Leafs
Player Name G A P +/- PIM S H SB GA TA FO MP PP MP PK MP
------------------------------------------------------------------------------------
Alexander Frolov 0 1 1 1 8 0 0 1 0 1 1/2 17:32 0:07 1:35
Blake Comeau 0 0 0 -1 0 1 1 0 0 0 0/1 9:24 0:00 0:00
Braydon Coburn 0 0 0 0 0 0 0 0 2 0 0/0 24:08 0:00 9:33
Byron Bitz 0 0 0 -3 2 0 2 1 1 0 0/0 18:01 0:21 5:32
Claude Giroux 0 1 1 2 2 8 1 2 1 1 3/4 23:59 0:06 9:25
Colby Armstrong 0 0 0 0 0 0 1 0 0 0 0/0 5:44 0:00 0:00
Evgeni Malkin 1 0 1 2 4 1 1 0 0 0 9/24 21:43 0:07 4:53
Fabian Brunnstrom 0 0 0 -3 2 0 0 0 1 0 0/0 11:34 0:21 0:00
Jamie Benn 0 0 0 0 0 0 0 0 0 1 0/0 6:02 0:00 0:15
Jamie McBain 0 0 0 1 0 0 0 0 0 1 0/0 15:31 0:00 6:37
Jordan Staal 0 0 0 -3 0 2 1 0 1 1 8/28 21:40 0:21 9:35
Justin Abdelkader 0 0 0 -1 2 2 0 0 0 0 0/0 9:32 0:00 0:00
Justin Schultz 0 0 0 0 2 0 1 2 0 2 0/0 13:24 0:00 0:00
Marc-Édouard Vlasic 0 0 0 -3 2 0 3 1 0 3 0/0 20:43 0:28 0:13
Rob Schremp 0 0 0 -1 0 1 0 0 0 0 0/3 10:40 0:00 1:24
Taylor Chorney 1 0 1 1 0 2 1 2 0 1 0/0 19:33 0:00 9:35
Tobias Enstrom 0 0 0 -3 0 1 2 0 0 1 0/0 26:46 0:28 6:52
Zac Dalpe 0 0 0 0 0 0 0 0 0 0 0/0 5:55 0:00 0:11
Players Stats for Lightning
Player Name G A P +/- PIM S H SB GA TA FO MP PP MP PK MP
------------------------------------------------------------------------------------
Andy Rogers 0 0 0 1 0 0 0 1 0 0 0/0 15:34 0:50 0:28
Brent Burns 2 1 3 -1 0 3 3 1 1 0 0/0 30:39 12:44 0:00
Chris Higgins 0 1 1 2 0 4 2 0 0 0 0/0 16:32 6:09 0:00
Daniel Carcillo 0 0 0 0 2 0 0 0 1 0 0/0 9:46 0:01 0:00
Darroll Powe 1 0 1 1 0 1 1 1 0 0 2/3 7:15 0:00 0:00
Henrik Zetterberg 1 3 4 -1 0 5 2 0 4 1 2/2 25:07 10:15 0:00
Jamie Langenbrunner 1 0 1 -1 0 1 2 0 0 0 1/1 14:16 0:00 0:00
Jeff Schultz 0 0 0 -1 0 1 1 0 1 1 0/0 18:04 0:00 0:28
John Carlson 0 3 3 1 0 1 1 0 0 0 0/0 25:41 10:36 0:00
Kris Versteeg 2 0 2 2 0 3 1 0 0 1 0/0 21:22 10:16 0:00
Logan Couture 1 0 1 2 0 2 1 0 0 1 6/8 11:01 0:00 0:28
Pierre-Luc Létourneau 0 0 0 1 0 0 3 1 0 1 0/0 7:15 0:00 0:00
Pierre-Marc Bouchard 1 0 1 0 0 1 2 0 1 0 3/4 16:02 6:09 0:00
Robert Nilsson 0 3 3 -1 0 8 4 0 2 0 27/44 25:42 10:16 0:00
Sheldon Keefe 0 1 1 1 0 1 1 0 0 1 0/0 8:00 0:00 0:28
Victor Hedman 0 0 0 2 0 0 0 3 1 0 0/0 15:57 5:49 0:00
Wayne Simmonds 0 1 1 0 0 1 1 0 1 0 0/0 15:42 6:09 0:00
Wes O'Neill 0 0 0 2 0 0 0 1 0 0 0/0 14:05 2:51 0:00
3 Stars
1 - Brent Burns (TB.)
2 - Kris Versteeg (TB.)
3 - Henrik Zetterberg (TB.)
Power Play
Maple Leafs - 0 on 1 Attempt(s) - 0,00%
Lightning - 5 on 14 Attempt(s) - 35,71%
Penalty Kill
Maple Leafs - 9 on 14 Attempt(s) - 64,29%
- Score 0 goal in Penalty Kill
Lightning - 1 on 1 Attempt(s) - 100,00%
- Score 0 goal in Penalty Kill
Team Stat
Maple Leafs - Hits : 14 - Faceoff Wins : 21 - Blocked Shots : 9 - Penalty Minutes : 24
Lightning - Hits : 25 - Faceoff Wins : 41 - Blocked Shots : 8 - Penalty Minutes : 2
Official
Referees : O'Halloran Dan and Meier Brad
Linesman : Andy McElman and Brian Mach
Game Notes
8:53 of 1st period - Penalty Shot by Claude Giroux for Maple Leafs - Shot Misses the Net
8:45 of 2nd period - Penalty Shot by Taylor Chorney for Maple Leafs - Goal!
Alex Stalock enters game at 14:28 of 2nd period
0:17 of 3rd period - Maple Leafs goal is going for a video replay. After video review, Goal.
Finance
Level 1 -- Attendance: 4152 (69,20%) -- Ticket Income 456 720 $
Level 2 -- Attendance: 3345 (66,90%) -- Ticket Income 197 355 $
Level 3 -- Attendance: 1346 (67,30%) -- Ticket Income 52 494 $
Level 4 -- Attendance: 2106 (52,65%) -- Ticket Income 73 710 $
Luxury Box -- Attendance: 651 (65,10%) -- Ticket Income 136 710 $
Game was played at the Tampa Bay Stadium.
Total Attendance: 11600 (64,44%)
Total Ticket Income: 916 989 $
Other Income: 137 548 $
Total Income: 1 054 537 $
Maple Leafs
5 vs 5 Forward
Center Left Wing Right Wing Time % Phy DF OF
1 Evgeni Malkin Alexander Frolov Claude Giroux 40 1 2 2
2 Jordan Staal Fabian Brunnstrom Byron Bitz 30 1 2 2
3 Rob Schremp Justin Abdelkader Blake Comeau 20 1 2 2
4 Zac Dalpe Jamie Benn Colby Armstrong 10 1 2 2
5 vs 5 Defense
Defense Defense Time % Phy DF OF
1 Tobias Enstrom Marc-Édouard Vlasic 40 1 2 2
2 Braydon Coburn Justin Schultz 30 1 2 2
3 Jamie McBain Taylor Chorney 20 1 2 2
4 Tobias Enstrom Marc-Édouard Vlasic 10 1 2 2
PowerPlay Forward
Center Left Wing Right Wing Time % Phy DF OF
1 Evgeni Malkin Alexander Frolov Claude Giroux 60 1 2 2
2 Jordan Staal Fabian Brunnstrom Byron Bitz 40 1 2 2
PowerPlay Defense
Defense Defense Time % Phy DF OF
1 Tobias Enstrom Marc-Édouard Vlasic 60 1 2 2
2 Braydon Coburn Marc-Édouard Vlasic 40 1 2 2
Penalty Kill 4 Players Forward
Center Wing Time % Phy DF OF
1 Jordan Staal Claude Giroux 60 1 2 2
2 Evgeni Malkin Byron Bitz 40 1 2 2
Penalty Kill 4 Players Defense
Defense Defense Time % Phy DF OF
1 Braydon Coburn Taylor Chorney 60 1 2 2
2 Jamie McBain Tobias Enstrom 40 1 2 2
Penalty Kill - 3 Players Forward
Forward Time % Phy DF OF
1 Claude Giroux 60 1 2 2
2 Evgeni Malkin 40 1 2 2
Penalty Kill - 3 Players Defense
Defense Defense Time % Phy DF OF
1 Braydon Coburn Taylor Chorney 60 1 2 2
2 Jamie McBain Tobias Enstrom 40 1 2 2
4 vs 4 Forward
Center Wing Time % Phy DF OF
1 Evgeni Malkin Claude Giroux 60 1 2 2
2 Jordan Staal Byron Bitz 40 1 2 2
4 vs 4 Defense
Defense Defense Time % Phy DF OF
1 Tobias Enstrom Marc-Édouard Vlasic 60 1 2 2
2 Braydon Coburn Marc-Édouard Vlasic 40 1 2 2
Last Minutes Offensive
Center Left Wing Right Wing Defense Defense
Evgeni Malkin Alexander Frolov Claude Giroux Tobias Enstrom Marc-Édouard Vlasic
Last Minutes Defensive
Center Left Wing Right Wing Defense Defense
Jordan Staal Alexander Frolov Claude Giroux Braydon Coburn Taylor Chorney
Goaltenders
Starting : Marc-André Fleury
Backup : Alex Stalock
Extra Forwards
Normal : Byron Bitz, Claude Giroux, Jordan Staal - PP : Byron Bitz, Evgeni Malkin - PK : Byron Bitz
Extra Defensemen
Normal : Braydon Coburn, Tobias Enstrom, Taylor Chorney - PP : Marc-Édouard Vlasic - PK : Tobias Enstrom, Braydon Coburn
Penalty Shots
Claude Giroux, Fabian Brunnstrom, Rob Schremp, Zac Dalpe, Alexander Frolov
Lightning
5 vs 5 Forward
Center Left Wing Right Wing Time % Phy DF OF
1 Robert Nilsson Henrik Zetterberg Jamie Langenbrunner 40 1 2 2
2 Logan Couture Chris Higgins Kris Versteeg 30 1 2 2
3 Pierre-Marc Bouchard Daniel Carcillo Wayne Simmonds 20 1 2 2
4 Darroll Powe Pierre-Luc Létourneau Sheldon Keefe 10 1 2 2
5 vs 5 Defense
Defense Defense Time % Phy DF OF
1 Brent Burns Jeff Schultz 40 1 2 2
2 John Carlson Andy Rogers 30 1 2 2
3 Wes O'Neill Victor Hedman 20 1 2 2
4 Brent Burns John Carlson 10 1 2 2
PowerPlay Forward
Center Left Wing Right Wing Time % Phy DF OF
1 Robert Nilsson Henrik Zetterberg Kris Versteeg 60 1 2 2
2 Pierre-Marc Bouchard Chris Higgins Wayne Simmonds 40 1 2 2
PowerPlay Defense
Defense Defense Time % Phy DF OF
1 Brent Burns John Carlson 60 1 2 2
2 Victor Hedman Brent Burns 40 1 2 2
Penalty Kill 4 Players Forward
Center Wing Time % Phy DF OF
1 Logan Couture Sheldon Keefe 60 1 2 2
2 Darroll Powe Jamie Langenbrunner 40 1 2 2
Penalty Kill 4 Players Defense
Defense Defense Time % Phy DF OF
1 Andy Rogers Jeff Schultz 60 1 2 2
2 Brent Burns Wes O'Neill 40 1 2 2
Penalty Kill - 3 Players Forward
Forward Time % Phy DF OF
1 Wayne Simmonds 60 1 2 2
2 Logan Couture 40 1 2 2
Penalty Kill - 3 Players Defense
Defense Defense Time % Phy DF OF
1 Brent Burns Jeff Schultz 60 1 2 2
2 John Carlson Andy Rogers 40 1 2 2
4 vs 4 Forward
Center Wing Time % Phy DF OF
1 Robert Nilsson Kris Versteeg 60 1 2 2
2 Pierre-Marc Bouchard Henrik Zetterberg 40 1 2 2
4 vs 4 Defense
Defense Defense Time % Phy DF OF
1 Brent Burns Jeff Schultz 60 1 2 2
2 John Carlson Andy Rogers 40 1 2 2
Last Minutes Offensive
Center Left Wing Right Wing Defense Defense
Robert Nilsson Henrik Zetterberg Kris Versteeg Brent Burns John Carlson
Last Minutes Defensive
Center Left Wing Right Wing Defense Defense
Robert Nilsson Henrik Zetterberg Wayne Simmonds Andy Rogers Jeff Schultz
Goaltenders
Starting : Tyler Weiman
Backup : Erik Ersberg
Extra Forwards
Normal : Logan Couture, Daniel Carcillo, Sheldon Keefe - PP : Logan Couture, Daniel Carcillo - PK : Robert Nilsson
Extra Defensemen
Normal : Wes O'Neill, Victor Hedman, John Carlson - PP : Wes O'Neill - PK : Victor Hedman, John Carlson
Penalty Shots
Henrik Zetterberg, Robert Nilsson, Logan Couture, Chris Higgins, Daniel Carcillo
% Time on Ice - Maple Leafs
Lines # - Real PCT - Wanted PCT - Time Play
Normal Forward
1 - 37% - 40% - 15:23
2 - 27% - 30% - 11:24
3 - 22% - 20% - 9:05
4 - 14% - 10% - 5:44
Normal Defense
1 - 43% - 40% - 17:57
2 - 34% - 30% - 14:02
3 - 19% - 20% - 7:53
4 - 4% - 10% - 1:44
PP Forward
1 - 25% - 60% - 0:07
2 - 75% - 40% - 0:21
PP Defense
1 - 100% - 60% - 0:28
2 - 0% - 40% - 0:00
PK Forward
1 - 69% - 60% - 11:15
2 - 31% - 40% - 5:10
PK Defense
1 - 58% - 60% - 9:35
2 - 42% - 40% - 6:50
PK3 Forward
1 - 0% - 60%
2 - 0% - 40%
PK3 Defense
1 - 0% - 60%
2 - 0% - 40%
44 Forward
1 - 100% - 60% - 1:31
2 - 0% - 40% - 0:00
44 Defense
1 - 60% - 60% - 0:55
2 - 40% - 40% - 0:36
Last Minute Offensive - 0:00
Last Minute Defensive - 0:00
Total
Forward - 60:00
Defense - 60:00
|
% Time on Ice - Lightning
Lines # - Real PCT - Wanted PCT - Time Play
Normal Forward
1 - 35% - 40% - 14:32
2 - 25% - 30% - 10:23
3 - 23% - 20% - 9:26
4 - 17% - 10% - 7:15
Normal Defense
1 - 41% - 40% - 16:59
2 - 32% - 30% - 13:13
3 - 22% - 20% - 9:19
4 - 5% - 10% - 2:05
PP Forward
1 - 63% - 60% - 10:16
2 - 37% - 40% - 6:09
PP Defense
1 - 64% - 60% - 10:35
2 - 36% - 40% - 5:50
PK Forward
1 - 100% - 60% - 0:28
2 - 0% - 40% - 0:00
PK Defense
1 - 100% - 60% - 0:28
2 - 0% - 40% - 0:00
PK3 Forward
1 - 0% - 60%
2 - 0% - 40%
PK3 Defense
1 - 0% - 60%
2 - 0% - 40%
44 Forward
1 - 78% - 60% - 1:11
2 - 22% - 40% - 0:20
44 Defense
1 - 59% - 60% - 0:54
2 - 41% - 40% - 0:37
Last Minute Offensive - 0:00
Last Minute Defensive - 0:00
Total
Forward - 60:00
Defense - 60:00
|
Play by Play
1st period
0:01 of 1st period - Robert Nilsson wins face-off versus Evgeni Malkin in neutral zone.
0:12 of 1st period - Wrist shot by Robert Nilsson.
0:12 of 1st period - Shot Blocked by Alexander Frolov.
1:35 of 1st period - Slapshot by Claude Giroux.
1:35 of 1st period - Stopped by Tyler Weiman with a rebound.
2:05 of 1st period - Wrist shot by Jordan Staal.
2:05 of 1st period - Shot Blocked by Wes O'Neill.
2:07 of 1st period - Slapshot by Taylor Chorney.
2:07 of 1st period - Stopped by Tyler Weiman with a rebound.
2:17 of 1st period - Snap shot by Robert Nilsson.
2:17 of 1st period - Stopped by Marc-André Fleury with a rebound.
2:19 of 1st period - Slapshot by Robert Nilsson.
2:19 of 1st period - Shot Blocked by Justin Schultz.
2:21 of 1st period - Snap shot by Robert Nilsson.
2:21 of 1st period - Shot Misses the Net.
2:35 of 1st period - Minor Penalty to Justin Schultz for Hooking.
2:36 of 1st period - Robert Nilsson wins face-off versus Jordan Staal in Maple Leafs zone.
2:43 of 1st period - Wrist shot by Kris Versteeg.
2:43 of 1st period - Shot Misses the Net.
2:45 of 1st period - Wrist shot by Kris Versteeg.
2:45 of 1st period - Shot Blocked by Taylor Chorney.
2:47 of 1st period - Slapshot by Brent Burns.
2:47 of 1st period - Deflect By Robert Nilsson.
2:47 of 1st period - Stopped by Marc-André Fleury with a rebound.
3:03 of 1st period - Brent Burns is hit by Byron Bitz and loses puck.
4:35 of 1st period - Penalty to Justin Schultz is over, Justin Schultz is back on ice.
5:35 of 1st period - Off-side.
5:36 of 1st period - Darroll Powe wins face-off versus Blake Comeau in neutral zone.
5:59 of 1st period - Snap shot by Robert Nilsson.
5:59 of 1st period - Stopped by Marc-André Fleury with a rebound.
6:13 of 1st period - Slapshot by Byron Bitz.
6:13 of 1st period - Shot Misses the Net.
6:34 of 1st period - Snap shot by Pierre-Marc Bouchard.
6:34 of 1st period - Deflect By Claude Giroux.
6:34 of 1st period - Shot Misses the Net.
6:34 of 1st period - Puck is out of play.
6:35 of 1st period - Pierre-Marc Bouchard wins face-off versus Evgeni Malkin in Maple Leafs zone.
7:06 of 1st period - Wrist shot by Chris Higgins.
7:06 of 1st period - Stopped by Marc-André Fleury with a rebound.
7:26 of 1st period - Slapshot by Robert Nilsson.
7:26 of 1st period - Shot Misses the Net.
7:42 of 1st period - Blake Comeau is hit by Pierre-Luc Létourneau.
7:46 of 1st period - Slapshot by Tobias Enstrom.
7:46 of 1st period - Shot Blocked by Pierre-Luc Létourneau.
8:08 of 1st period - Slapshot by Tobias Enstrom.
8:08 of 1st period - Stopped by Tyler Weiman with a rebound.
8:10 of 1st period - Wrist shot by Tobias Enstrom.
8:10 of 1st period - Shot Blocked by Brent Burns.
8:15 of 1st period - Off-side.
8:16 of 1st period - Robert Nilsson wins face-off versus Jordan Staal in neutral zone.
8:46 of 1st period - Snap shot by Logan Couture.
8:46 of 1st period - Stopped by Marc-André Fleury without a rebound.
8:47 of 1st period - Logan Couture wins face-off versus Evgeni Malkin in Maple Leafs zone.
8:50 of 1st period - Slapshot by Chris Higgins.
8:50 of 1st period - Deflect By Kris Versteeg.
8:50 of 1st period - Shot Misses the Net.
8:50 of 1st period - Puck is out of play.
8:51 of 1st period - Evgeni Malkin wins face-off versus Logan Couture in Maple Leafs zone.
8:53 of 1st period - Penalty Shot by Claude Giroux for Maple Leafs.
8:53 of 1st period - Snap shot by Claude Giroux.
8:53 of 1st period - Shot Misses the Net.
8:54 of 1st period - Robert Nilsson wins face-off versus Evgeni Malkin in Maple Leafs zone.
9:20 of 1st period - Tobias Enstrom is hit by Kris Versteeg and loses puck.
9:27 of 1st period - Wrist shot by Chris Higgins.
9:27 of 1st period - Stopped by Marc-André Fleury with a rebound.
9:29 of 1st period - Slapshot by Jeff Schultz.
9:29 of 1st period - Stopped by Marc-André Fleury without a rebound.
9:30 of 1st period - Robert Nilsson wins face-off versus Evgeni Malkin in Maple Leafs zone.
9:31 of 1st period - Snap shot by Henrik Zetterberg.
9:31 of 1st period - Stopped by Marc-André Fleury with a rebound.
9:33 of 1st period - Backhand shot by Henrik Zetterberg.
9:33 of 1st period - Shot Misses the Net.
9:35 of 1st period - Slapshot by Andy Rogers.
9:35 of 1st period - Shot Misses the Net.
9:37 of 1st period - Wrist shot by Andy Rogers.
9:37 of 1st period - Deflect By Jamie Langenbrunner.
9:37 of 1st period - Shot Misses the Net.
9:37 of 1st period - Puck is out of play.
9:38 of 1st period - Evgeni Malkin wins face-off versus Robert Nilsson in Maple Leafs zone.
9:38 of 1st period - Evgeni Malkin is hit by Robert Nilsson.
9:52 of 1st period - Wrist shot by Evgeni Malkin.
9:52 of 1st period - Shot Blocked by Andy Rogers.
10:27 of 1st period - Snap shot by Claude Giroux.
10:27 of 1st period - Stopped by Tyler Weiman with a rebound.
10:33 of 1st period - Claude Giroux is hit by Jamie Langenbrunner and loses puck.
10:41 of 1st period - Off-side.
10:42 of 1st period - Logan Couture wins face-off versus Jordan Staal in neutral zone.
11:34 of 1st period - Justin Schultz is hit by Pierre-Luc Létourneau and loses puck.
12:51 of 1st period - Taylor Chorney is hit by Brent Burns.
13:05 of 1st period - Minor Penalty to Fabian Brunnstrom for Tripping.
13:06 of 1st period - Jordan Staal wins face-off versus Robert Nilsson in Maple Leafs zone.
13:16 of 1st period - Off-side.
13:17 of 1st period - Robert Nilsson wins face-off versus Jordan Staal in neutral zone.
13:20 of 1st period - Slapshot by Brent Burns.
13:20 of 1st period - Deflect By Kris Versteeg.
13:20 of 1st period - Stopped by Marc-André Fleury without a rebound.
13:21 of 1st period - Jordan Staal wins face-off versus Robert Nilsson in Maple Leafs zone.
15:05 of 1st period - Penalty to Fabian Brunnstrom is over, Fabian Brunnstrom is back on ice.
15:18 of 1st period - Snap shot by Darroll Powe.
15:18 of 1st period - Shot Misses the Net.
15:20 of 1st period - Snap shot by Sheldon Keefe.
15:20 of 1st period - Stopped by Marc-André Fleury without a rebound.
15:21 of 1st period - Darroll Powe wins face-off versus Rob Schremp in Maple Leafs zone.
15:22 of 1st period - Snap shot by Sheldon Keefe.
15:22 of 1st period - Shot Misses the Net.
15:30 of 1st period - Snap shot by Darroll Powe.
15:30 of 1st period - Goal by Darroll Powe - Maple Leafs : 0 - Lightning : 1.
15:31 of 1st period - Evgeni Malkin wins face-off versus Robert Nilsson in neutral zone.
15:36 of 1st period - Wrist shot by Claude Giroux.
15:36 of 1st period - Stopped by Tyler Weiman with a rebound.
16:26 of 1st period - Wrist shot by Pierre-Marc Bouchard.
16:26 of 1st period - Shot Misses the Net.
17:22 of 1st period - Snap shot by Chris Higgins.
17:22 of 1st period - Shot Misses the Net.
17:30 of 1st period - Slapshot by Claude Giroux.
17:30 of 1st period - Stopped by Tyler Weiman with a rebound.
17:34 of 1st period - Snap shot by Claude Giroux.
17:34 of 1st period - Shot Misses the Net.
17:36 of 1st period - Snap shot by Claude Giroux.
17:36 of 1st period - Stopped by Tyler Weiman without a rebound.
17:37 of 1st period - Robert Nilsson wins face-off versus Jordan Staal in Lightning zone.
18:04 of 1st period - Wrist shot by Blake Comeau.
18:04 of 1st period - Stopped by Tyler Weiman with a rebound.
18:48 of 1st period - Wrist shot by Evgeni Malkin.
18:48 of 1st period - Shot Blocked by Victor Hedman.
19:12 of 1st period - Slapshot by Rob Schremp.
19:12 of 1st period - Shot Misses the Net.
19:14 of 1st period - Slapshot by Jamie McBain.
19:14 of 1st period - Deflect By Justin Abdelkader.
19:14 of 1st period - Stopped by Tyler Weiman with a rebound.
19:16 of 1st period - Snap shot by Taylor Chorney.
19:16 of 1st period - Shot Misses the Net.
19:23 of 1st period - Icing by Andy Rogers.
19:24 of 1st period - Jordan Staal wins face-off versus Darroll Powe in Lightning zone.
19:27 of 1st period - Snap shot by Fabian Brunnstrom.
19:27 of 1st period - Shot Misses the Net.
19:29 of 1st period - Snap shot by Jordan Staal.
19:29 of 1st period - Stopped by Tyler Weiman without a rebound.
19:30 of 1st period - Robert Nilsson wins face-off versus Jordan Staal in Lightning zone.
19:47 of 1st period - Jamie Langenbrunner is hit by Byron Bitz and loses puck.
Goals for this period are 0 for Maple Leafs vs 1 for Lightning .
Shots for this period are 10 for Maple Leafs vs 11 for Lightning .
2nd period
0:01 of 2nd period - Evgeni Malkin wins face-off versus Robert Nilsson in neutral zone.
0:04 of 2nd period - Robert Nilsson is hit by Evgeni Malkin and loses puck.
0:11 of 2nd period - Wrist shot by Robert Nilsson.
0:11 of 2nd period - Stopped by Marc-André Fleury with a rebound.
0:13 of 2nd period - Slapshot by Henrik Zetterberg.
0:13 of 2nd period - Stopped by Marc-André Fleury with a rebound.
0:15 of 2nd period - Slapshot by Brent Burns.
0:15 of 2nd period - Deflect By Robert Nilsson.
0:15 of 2nd period - Stopped by Marc-André Fleury with a rebound.
0:17 of 2nd period - Slapshot by Jeff Schultz.
0:17 of 2nd period - Shot Misses the Net.
0:23 of 2nd period - Minor Penalty to Alexander Frolov for Goalie Interference.
0:24 of 2nd period - Robert Nilsson wins face-off versus Jordan Staal in Maple Leafs zone.
0:29 of 2nd period - Slapshot by Henrik Zetterberg.
0:29 of 2nd period - Deflect By Robert Nilsson.
0:29 of 2nd period - Stopped by Marc-André Fleury without a rebound.
0:30 of 2nd period - Jordan Staal wins face-off versus Robert Nilsson in Maple Leafs zone.
2:19 of 2nd period - Slapshot by Braydon Coburn.
2:19 of 2nd period - Deflect By Rob Schremp.
2:19 of 2nd period - Stopped by Tyler Weiman without a rebound.
2:20 of 2nd period - Robert Nilsson wins face-off versus Rob Schremp in Lightning zone.
2:23 of 2nd period - Penalty to Alexander Frolov is over, Alexander Frolov is back on ice.
2:39 of 2nd period - Snap shot by Taylor Chorney.
2:39 of 2nd period - Stopped by Tyler Weiman with a rebound.
3:23 of 2nd period - Wrist shot by Evgeni Malkin.
3:23 of 2nd period - Shot Misses the Net.
3:55 of 2nd period - Fabian Brunnstrom is hit by Pierre-Marc Bouchard and loses puck.
4:14 of 2nd period - Wrist shot by Logan Couture.
4:14 of 2nd period - Shot Misses the Net.
4:43 of 2nd period - Wrist shot by Evgeni Malkin.
4:43 of 2nd period - Deflect By Claude Giroux.
4:43 of 2nd period - Stopped by Tyler Weiman with a rebound.
5:42 of 2nd period - Slapshot by John Carlson.
5:42 of 2nd period - Shot Misses the Net.
5:56 of 2nd period - Snap shot by Daniel Carcillo.
5:56 of 2nd period - Shot Misses the Net.
5:58 of 2nd period - Snap shot by John Carlson.
5:58 of 2nd period - Shot Misses the Net.
6:12 of 2nd period - Wrist shot by Pierre-Marc Bouchard.
6:12 of 2nd period - Shot Blocked by Justin Schultz.
6:14 of 2nd period - Slapshot by Wayne Simmonds.
6:14 of 2nd period - Stopped by Marc-André Fleury without a rebound.
6:15 of 2nd period - Robert Nilsson wins face-off versus Evgeni Malkin in Maple Leafs zone.
6:51 of 2nd period - Snap shot by Kris Versteeg.
6:51 of 2nd period - Goal by Kris Versteeg - Maple Leafs : 0 - Lightning : 2.
6:52 of 2nd period - Evgeni Malkin wins face-off versus Robert Nilsson in neutral zone.
6:55 of 2nd period - Robert Nilsson is hit by Tobias Enstrom and loses puck.
7:09 of 2nd period - Snap shot by Evgeni Malkin.
7:09 of 2nd period - Shot Misses the Net.
7:23 of 2nd period - Off-side.
7:24 of 2nd period - Jordan Staal wins face-off versus Logan Couture in neutral zone.
7:49 of 2nd period - Justin Schultz is hit by Jamie Langenbrunner and loses puck.
8:10 of 2nd period - Justin Abdelkader is hit by Wayne Simmonds and loses puck.
8:39 of 2nd period - Snap shot by Chris Higgins.
8:39 of 2nd period - Stopped by Marc-André Fleury without a rebound.
8:40 of 2nd period - Robert Nilsson wins face-off versus Evgeni Malkin in Maple Leafs zone.
8:43 of 2nd period - Wrist shot by Robert Nilsson.
8:43 of 2nd period - Shot Misses the Net.
8:45 of 2nd period - Penalty Shot by Taylor Chorney for Maple Leafs.
8:45 of 2nd period - Deke by Taylor Chorney.
8:45 of 2nd period - Goal by Taylor Chorney - Maple Leafs : 1 - Lightning : 2.
8:46 of 2nd period - Evgeni Malkin wins face-off versus Robert Nilsson in neutral zone.
8:47 of 2nd period - Robert Nilsson wins face-off versus Alexander Frolov in Maple Leafs zone.
9:14 of 2nd period - Tobias Enstrom is hit by Jeff Schultz.
9:20 of 2nd period - Braydon Coburn is hit by Chris Higgins and loses puck.
9:47 of 2nd period - Slapshot by Byron Bitz.
9:47 of 2nd period - Deflect By Jordan Staal.
9:47 of 2nd period - Shot Blocked by Darroll Powe.
9:47 of 2nd period - Puck is out of play.
9:48 of 2nd period - Jamie Langenbrunner wins face-off versus Evgeni Malkin in Lightning zone.
10:15 of 2nd period - Tobias Enstrom is hit by Logan Couture and loses puck.
11:00 of 2nd period - Byron Bitz is hit by Sheldon Keefe and loses puck.
11:11 of 2nd period - Minor Penalty to Byron Bitz for Tripping.
11:12 of 2nd period - Robert Nilsson wins face-off versus Jordan Staal in Maple Leafs zone.
11:26 of 2nd period - Slapshot by John Carlson.
11:26 of 2nd period - Shot Misses the Net.
11:28 of 2nd period - Slapshot by Brent Burns.
11:28 of 2nd period - Goal by Brent Burns - Maple Leafs : 1 - Lightning : 3.
11:29 of 2nd period - Claude Giroux wins face-off versus Robert Nilsson in neutral zone.
11:42 of 2nd period - Marc-Édouard Vlasic is hit by Robert Nilsson and loses puck.
11:55 of 2nd period - Marc-Édouard Vlasic is hit by Pierre-Marc Bouchard and loses puck.
12:49 of 2nd period - Snap shot by Claude Giroux.
12:49 of 2nd period - Stopped by Tyler Weiman with a rebound.
12:51 of 2nd period - Snap shot by Claude Giroux.
12:51 of 2nd period - Shot Misses the Net.
12:53 of 2nd period - Snap shot by Claude Giroux.
12:53 of 2nd period - Stopped by Tyler Weiman without a rebound.
12:54 of 2nd period - Robert Nilsson wins face-off versus Jordan Staal in Lightning zone.
13:02 of 2nd period - Off-side.
13:03 of 2nd period - Robert Nilsson wins face-off versus Jordan Staal in neutral zone.
13:18 of 2nd period - Snap shot by Jamie Langenbrunner.
13:18 of 2nd period - Goal by Jamie Langenbrunner - Maple Leafs : 1 - Lightning : 4.
13:19 of 2nd period - Logan Couture wins face-off versus Jordan Staal in neutral zone.
13:28 of 2nd period - Snap shot by Chris Higgins.
13:28 of 2nd period - Shot Blocked by Byron Bitz.
13:32 of 2nd period - Snap shot by Chris Higgins.
13:32 of 2nd period - Stopped by Marc-André Fleury without a rebound.
13:33 of 2nd period - Evgeni Malkin wins face-off versus Robert Nilsson in Maple Leafs zone.
13:33 of 2nd period - Evgeni Malkin is hit by Robert Nilsson.
13:36 of 2nd period - Double Minor Penalty to Alexander Frolov for Slashing.
13:37 of 2nd period - Robert Nilsson wins face-off versus Jordan Staal in Maple Leafs zone.
13:37 of 2nd period - Wrist shot by Henrik Zetterberg.
13:37 of 2nd period - Stopped by Marc-André Fleury without a rebound.
13:38 of 2nd period - Robert Nilsson wins face-off versus Jordan Staal in Maple Leafs zone.
13:39 of 2nd period - Slapshot by Henrik Zetterberg.
13:39 of 2nd period - Deflect By Kris Versteeg.
13:39 of 2nd period - Shot Misses the Net.
13:39 of 2nd period - Puck is out of play.
13:40 of 2nd period - Jordan Staal wins face-off versus Robert Nilsson in Maple Leafs zone.
14:22 of 2nd period - Off-side.
14:23 of 2nd period - Robert Nilsson wins face-off versus Jordan Staal in neutral zone.
14:26 of 2nd period - Wrist shot by Robert Nilsson.
14:26 of 2nd period - Stopped by Marc-André Fleury with a rebound.
14:28 of 2nd period - Slapshot by Brent Burns.
14:28 of 2nd period - Goal by Brent Burns - Maple Leafs : 1 - Lightning : 5.
14:28 of 2nd period - Alex Stalock enters game.
14:29 of 2nd period - Henrik Zetterberg wins face-off versus Jordan Staal in neutral zone.
14:32 of 2nd period - Slapshot by John Carlson.
14:32 of 2nd period - Shot Blocked by Claude Giroux.
15:48 of 2nd period - Snap shot by Kris Versteeg.
15:48 of 2nd period - Goal by Kris Versteeg - Maple Leafs : 1 - Lightning : 6.
15:49 of 2nd period - Pierre-Marc Bouchard wins face-off versus Evgeni Malkin in neutral zone.
15:56 of 2nd period - Minor Penalty to Marc-Édouard Vlasic for Hooking.
15:57 of 2nd period - Claude Giroux wins face-off versus Pierre-Marc Bouchard in Maple Leafs zone.
16:16 of 2nd period - Pierre-Marc Bouchard is hit by Taylor Chorney.
17:21 of 2nd period - Off-side.
17:22 of 2nd period - Robert Nilsson wins face-off versus Evgeni Malkin in neutral zone.
17:56 of 2nd period - Penalty to Marc-Édouard Vlasic is over, Marc-Édouard Vlasic is back on ice.
18:09 of 2nd period - Justin Abdelkader is hit by Darroll Powe.
18:35 of 2nd period - Braydon Coburn is hit by John Carlson and loses puck.
18:54 of 2nd period - Braydon Coburn is hit by Henrik Zetterberg and loses puck.
19:20 of 2nd period - Slapshot by Justin Abdelkader.
19:20 of 2nd period - Stopped by Tyler Weiman with a rebound.
19:40 of 2nd period - Kris Versteeg is hit by Colby Armstrong and loses puck.
Goals for this period are 1 for Maple Leafs vs 5 for Lightning .
Shots for this period are 6 for Maple Leafs vs 14 for Lightning .
3rd period
0:01 of 3rd period - Evgeni Malkin wins face-off versus Robert Nilsson in neutral zone.
0:04 of 3rd period - Henrik Zetterberg is hit by Claude Giroux and loses puck.
0:15 of 3rd period - Wrist shot by Evgeni Malkin.
0:15 of 3rd period - Shot Misses the Net.
0:17 of 3rd period - Slapshot by Evgeni Malkin.
0:17 of 3rd period - Maple Leafs goal is going for a video replay.
0:17 of 3rd period - The goal is good.
0:17 of 3rd period - Goal by Evgeni Malkin - Maple Leafs : 2 - Lightning : 6.
0:18 of 3rd period - Robert Nilsson wins face-off versus Evgeni Malkin in neutral zone.
1:02 of 3rd period - Marc-Édouard Vlasic is hit by Brent Burns and loses puck.
1:20 of 3rd period - Wrist shot by Logan Couture.
1:20 of 3rd period - Goal by Logan Couture - Maple Leafs : 2 - Lightning : 7.
1:21 of 3rd period - Robert Nilsson wins face-off versus Evgeni Malkin in neutral zone.
1:21 of 3rd period - Henrik Zetterberg is hit by Justin Schultz and loses puck.
1:48 of 3rd period - Kris Versteeg is hit by Blake Comeau.
1:52 of 3rd period - Snap shot by Justin Abdelkader.
1:52 of 3rd period - Shot Misses the Net.
1:54 of 3rd period - Slapshot by Jamie McBain.
1:54 of 3rd period - Shot Blocked by Victor Hedman.
2:52 of 3rd period - Slapshot by Chris Higgins.
2:52 of 3rd period - Shot Misses the Net.
3:09 of 3rd period - Minor Penalty to Evgeni Malkin for Interference.
3:10 of 3rd period - Robert Nilsson wins face-off versus Jordan Staal in Maple Leafs zone.
3:21 of 3rd period - Snap shot by John Carlson.
3:21 of 3rd period - Deflect By Henrik Zetterberg.
3:21 of 3rd period - Shot Misses the Net.
3:21 of 3rd period - Puck is out of play.
3:22 of 3rd period - Robert Nilsson wins face-off versus Claude Giroux in Maple Leafs zone.
3:37 of 3rd period - Snap shot by Kris Versteeg.
3:37 of 3rd period - Shot Blocked by Claude Giroux.
4:05 of 3rd period - Slapshot by Brent Burns.
4:05 of 3rd period - Stopped by Alex Stalock without a rebound.
4:06 of 3rd period - Pierre-Marc Bouchard wins face-off versus Rob Schremp in Maple Leafs zone.
4:09 of 3rd period - Wrist shot by Wayne Simmonds.
4:09 of 3rd period - Shot Misses the Net.
4:11 of 3rd period - Slapshot by Pierre-Marc Bouchard.
4:11 of 3rd period - Goal by Pierre-Marc Bouchard - Maple Leafs : 2 - Lightning : 8.
4:12 of 3rd period - Robert Nilsson wins face-off versus Evgeni Malkin in neutral zone.
4:23 of 3rd period - Minor Penalty to Evgeni Malkin for Holding.
4:24 of 3rd period - Jordan Staal wins face-off versus Robert Nilsson in Maple Leafs zone.
5:02 of 3rd period - Snap shot by Pierre-Marc Bouchard.
5:02 of 3rd period - Shot Blocked by Taylor Chorney.
6:23 of 3rd period - Penalty to Evgeni Malkin is over, Evgeni Malkin is back on ice.
7:04 of 3rd period - Jeff Schultz is hit by Tobias Enstrom and loses puck.
7:11 of 3rd period - Justin Abdelkader is hit by Chris Higgins and loses puck.
7:22 of 3rd period - Victor Hedman is hit by Marc-Édouard Vlasic and loses puck.
8:12 of 3rd period - Kris Versteeg is hit by Marc-Édouard Vlasic and loses puck.
8:29 of 3rd period - Evgeni Malkin is hit by Pierre-Luc Létourneau and loses puck.
10:26 of 3rd period - Minor Penalty to Justin Abdelkader for Hooking.
10:27 of 3rd period - Robert Nilsson wins face-off versus Jordan Staal in Maple Leafs zone.
12:26 of 3rd period - Penalty to Justin Abdelkader is over, Justin Abdelkader is back on ice.
12:27 of 3rd period - Icing by Byron Bitz.
12:28 of 3rd period - Alexander Frolov wins face-off versus Robert Nilsson in Maple Leafs zone.
12:46 of 3rd period - Tobias Enstrom is hit by Brent Burns and loses puck.
12:59 of 3rd period - Slapshot by Justin Abdelkader.
12:59 of 3rd period - Shot Blocked by Victor Hedman.
13:59 of 3rd period - Taylor Chorney is hit by Henrik Zetterberg and loses puck.
14:12 of 3rd period - Snap shot by Jordan Staal.
14:12 of 3rd period - Stopped by Tyler Weiman without a rebound.
14:13 of 3rd period - Logan Couture wins face-off versus Jordan Staal in Lightning zone.
14:24 of 3rd period - Wrist shot by Kris Versteeg.
14:24 of 3rd period - Shot Misses the Net.
14:57 of 3rd period - Minor Penalty to Alexander Frolov for Hooking.
14:58 of 3rd period - Jordan Staal wins face-off versus Robert Nilsson in Maple Leafs zone.
15:08 of 3rd period - Wrist shot by John Carlson.
15:08 of 3rd period - Stopped by Alex Stalock without a rebound.
15:09 of 3rd period - Claude Giroux wins face-off versus Robert Nilsson in Maple Leafs zone.
15:40 of 3rd period - Wrist shot by Henrik Zetterberg.
15:40 of 3rd period - Goal by Henrik Zetterberg - Maple Leafs : 2 - Lightning : 9.
15:41 of 3rd period - Robert Nilsson wins face-off versus Evgeni Malkin in neutral zone.
15:46 of 3rd period - Snap shot by Henrik Zetterberg.
15:46 of 3rd period - Shot Misses the Net.
15:48 of 3rd period - Slapshot by Robert Nilsson.
15:48 of 3rd period - Deflect By Henrik Zetterberg.
15:48 of 3rd period - Shot Misses the Net.
15:48 of 3rd period - Puck is out of play.
15:49 of 3rd period - Henrik Zetterberg wins face-off versus Evgeni Malkin in Maple Leafs zone.
15:56 of 3rd period - Alexander Frolov is hit by Robert Nilsson and loses puck.
16:33 of 3rd period - Backhand shot by Henrik Zetterberg.
16:33 of 3rd period - Stopped by Alex Stalock with a rebound.
16:53 of 3rd period - Wrist shot by Robert Nilsson.
16:53 of 3rd period - Shot Blocked by Marc-Édouard Vlasic.
16:55 of 3rd period - Wrist shot by Robert Nilsson.
16:55 of 3rd period - Stopped by Alex Stalock without a rebound.
16:56 of 3rd period - Logan Couture wins face-off versus Jordan Staal in Maple Leafs zone.
17:27 of 3rd period - Slapshot by John Carlson.
17:27 of 3rd period - Shot Misses the Net.
17:43 of 3rd period - Minor Penalty to Daniel Carcillo for Interference.
17:44 of 3rd period - Logan Couture wins face-off versus Jordan Staal in Lightning zone.
18:11 of 3rd period - Minor Penalty to Claude Giroux for Hooking.
18:12 of 3rd period - Evgeni Malkin wins face-off versus Robert Nilsson in Maple Leafs zone.
18:17 of 3rd period - Kris Versteeg is hit by Marc-Édouard Vlasic.
18:55 of 3rd period - Pierre-Marc Bouchard is hit by Jordan Staal and loses puck.
19:43 of 3rd period - Penalty to Daniel Carcillo is over, Daniel Carcillo is back on ice.
Goals for this period are 1 for Maple Leafs vs 3 for Lightning .
Shots for this period are 2 for Maple Leafs vs 7 for Lightning .
Back to the Top